Workbook

Sheet ESP. TECNICAS
A1: DIRECCIÓN SECCIONAL DE ADMINISTRACIÓN JUDICAL DE ARMENIA - QUINDIO ESPECIFICACIONES TÉCNICAS
A2: OBJETO: OBRA ELÉCTRICA PARA ADECUACIÓN Y MEJORAMIENTO DE SUBESTACIÓN, INCLUÍDO REEMPLAZO DE TRANSFORMADOR EXISTENTE DE 150 KVA POR TRANSFORMADOR SECO DE 300 KVA TRIFÁSICO, DE LA SEDE PROPIA DEL PALACIO DE JUSTICIA "RAFAEL URIBE URIBE" DEL MUNICIPIO DE CALARCÁ - QUINDÍO.
A3: ITEM | B3: DESCRIPCIÓN | D3: UNIDAD | E3: CANTIDAD
A5: 1 | B5: DESMONTE DE SUBESTACIÓN EXISTENTE DE 150 KVA CLASE H (Incluye trasiego, retiro y disposición a sitios autorizados) | D5: UN | E5: 1
A6: 2 | B6: SUMINISTRO E INSTALACIÓN DE TRANSFORMADOR SECO DE 300 KVA TRIFÁSICO, EN CLASE H, NIVEL DE TENSIÓN DE SERVICIO 13200 V/214-120 V (Incluye trasiego y todos los costos de productos que resulten necesarios para la ejecución de la actividad del objeto contractual) | D6: UN | E6: 1
A7: 3 | B7: SUMINISTRO E INSTALACIÓN DE CELDA PARA TRANSFORMADOR DE 300 KVA EN AIRE PARA ALOJAR EQUIPO (Incluye trasiego y todos los costos de productos que resulten necesarios para la ejecución de la actividad del objeto contractual) | D7: UN | E7: 1
A8: 4 | B8: SUMINISTRO E INSTALACIÓN DE FUSIBLES HH TIPO 24 KV 60 HZ 25A (Incluye trasiego y todos los costos de productos que resulten necesarios para la ejecución de la actividad del objeto contractual) | D8: UN | E8: 3
A9: 5 | B9: AMPLIACIÓN DE CARGA TRAMITE ANTE EDEQ (Incluye: esquema unifilar y todos los costos de productos que resulten necesarios para la ejecución de la actividad del objeto contractual) | D9: UN | E9: 1
A10: 6 | B10: ADECUACIÓN ACOMETIDA ELECTRCIA DESDE BORNES DE TRANSFORMADOR A EQUPO DE CONTROLADOR DE BCI 2x(3X4/0+4/0) +2T (Incluye: todos los costos de productos que resulten necesarios para la ejecución de la actividad del objeto contractual) | D10: ML | E10: 20
A11: 7 | B11: CERTIFICACIÓN RETIE SUBESTACIÓN NUEVA (Incluye: todos los costos de productos que resulten necesarios para la ejecución de la actividad del objeto contractual) | D11: UN | E11: 1

Sheet EST MERCADO
A1: DIRECCIÓN SECCIONAL DE ADMINISTRACIÓN JUDICAL DE ARMENIA - QUINDIO ANÁLISIS DE COTIZACIONES
A2: OBJETO: OBRA ELÉCTRICA PARA ADECUACIÓN Y MEJORAMIENTO DE SUBESTACIÓN, INCLUÍDO REEMPLAZO DE TRANSFORMADOR EXISTENTE DE 150 KVA POR TRANSFORMADOR SECO DE 300 KVA TRIFÁSICO, DE LA SEDE PROPIA DEL PALACIO DE JUSTICIA "RAFAEL URIBE URIBE" DEL MUNICIPIO DE CALARCÁ - QUINDÍO.
A3: ITEM | B3: DESCRIPCIÓN | D3: UNIDAD | E3: CANTIDAD | F3: HSM INGENIERIA ELECTRICA Y COMUNICACIONES SAS | H3: PROYECTOS Y CONSULTORÍA ELÉCTRICA PRYCE SAS | J3: MPC Y ASOCIADOS SAS | L3: VALOR PROMEDIO
F4: VALOR UNITARIO | G4: VALOR TOTAL | H4: VALOR UNITARIO | I4: VALOR TOTAL | J4: VALOR UNITARIO | K4: VALOR TOTAL | L4: VALOR UNITARIO | M4: VALOR TOTAL
A5: 1 | B5: DESMONTE DE SUBESTACIÓN EXISTENTE DE 150 KVA CLASE H (Incluye trasiego, retiro y disposición a sitios autorizados) | D5: UN | E5: 1 | F5: 2250000 | G5: =+F5*$E5 -> 2250000 | H5: 5950000 | I5: =+H5*$E5 -> 5950000 | J5: 1800000 | K5: =+J5*E5 -> 1800000 | L5: =ROUND((AVERAGE(F5,H5,J5)),0) -> 3333333 | M5: =+L5*$E5 -> 3333333
A6: 2 | B6: SUMINISTRO E INSTALACIÓN DE TRANSFORMADOR SECO DE 300 KVA TRIFÁSICO, EN CLASE H, NIVEL DE TENSIÓN DE SERVICIO 13200 V/214-120 V (Incluye trasiego) | D6: UN | E6: 1 | F6: 62015417 | G6: =+F6*$E6 -> 62015417 | H6: 79700000 | I6: =+H6*$E6 -> 79700000 | J6: 81500000 | K6: =+J6*E6 -> 81500000 | L6: =ROUND((AVERAGE(F6,H6,J6)),0) -> 74405139 | M6: =+L6*$E6 -> 74405139
A7: 3 | B7: SUMINISTRO E INSTALACIÓN DE CELDA PARA TRANSFORMADOR DE 300 KVA EN AIRE PARA ALOJAR EQUIPO (Incluye trasiego) | D7: UN | E7: 1 | F7: 11587401 | G7: =+F7*$E7 -> 11587401 | H7: 13950000 | I7: =+H7*$E7 -> 13950000 | J7: 12800000 | K7: =+J7*E7 -> 12800000 | L7: =ROUND((AVERAGE(F7,H7,J7)),0) -> 12779134 | M7: =+L7*$E7 -> 12779134
A8: 4 | B8: SUMINISTRO E INSTALACIÓN DE FUSIBLES HH TIPO 24 KV 60 HZ 25A (Incluye trasiego) | D8: UN | E8: 3 | F8: 732038 | G8: =+F8*$E8 -> 2196114 | H8: 950000 | I8: =+H8*$E8 -> 2850000 | J8: 741000 | K8: =+J8*E8 -> 2223000 | L8: =ROUND((AVERAGE(F8,H8,J8)),0) -> 807679 | M8: =+L8*$E8 -> 2423037
A9: 5 | B9: AMPLIACIÓN DE CARGA TRAMITE ANTE EDEQ (Incluye: esquema unifilar) | D9: UN | E9: 1 | F9: 5411447 | G9: =+F9*$E9 -> 5411447 | H9: 7250000 | I9: =+H9*$E9 -> 7250000 | J9: 4742000 | K9: =+J9*E9 -> 4742000 | L9: =ROUND((AVERAGE(F9,H9,J9)),0) -> 5801149 | M9: =+L9*$E9 -> 5801149
A10: 6 | B10: ADECUACIÓN ACOMETIDA ELECTRCIA DESDE BORNES DE TRANSFORMADOR A EQUPO DE CONTROLADOR DE BCI 2x(3X4/0+4/0) +2T | D10: ML | E10: 20 | F10: 903650 | G10: =+F10*$E10 -> 18073000 | H10: 845000 | I10: =+H10*$E10 -> 16900000 | J10: 850000 | K10: =+J10*E10 -> 17000000 | L10: =ROUND((AVERAGE(F10,H10,J10)),0) -> 866217 | M10: =+L10*$E10 -> 17324340
A11: 7 | B11: CERTIFICACIÓN RETIE SUBESTACIÓN NUEVA | D11: UN | E11: 1 | F11: 4200000 | G11: =+F11*$E11 -> 4200000 | H11: 8950316 | I11: =+H11*$E11 -> 8950316 | J11: 4500000 | K11: =+J11*E11 -> 4500000 | L11: =ROUND((AVERAGE(F11,H11,J11)),0) -> 5883439 | M11: =+L11*$E11 -> 5883439
D12: SUBTOTAL | F12: SUBTOTAL | G12: =SUM(G5:G11) -> 105733379 | H12: SUBTOTAL | I12: =SUM(I5:I11) -> 135550316 | J12: SUBTOTAL | K12: =SUM(K5:K11) -> 124565000 | L12: SUBTOTAL | M12: =SUM(M5:M11) -> 121949571
D13: ADMINISTRACIÓN | F13: 0.2 | G13: =($G$12*F13) -> 21146676 | H13: 0.07 | I13: =$I$12*H13 -> 9488522.1 | J13: 0.2 | K13: =+K12*J13 -> 24913000 | L13: =ROUND((AVERAGE(F13,H13,J13)),2) -> 0.16 | M13: =ROUND(($M$12*L13),0) -> 19511931
D14: IMPREVISTOS | F14: 0.02 | G14: =($G$12*F14) -> 2114667.6 | H14: 0.05 | I14: =$I$12*H14 -> 6777515.8 | J14: 0.02 | K14: =+K12*J14 -> 2491300 | L14: =ROUND((AVERAGE(F14,H14,J14)),2) -> 0.03 | M14: =ROUND(($M$12*L14),0) -> 3658487
D15: UTILIDAD | F15: 0.04 | G15: =($G$12*F15) -> 4229335.2 | H15: 0.03 | I15: =+H15*I12 -> 4066509.5 | J15: 0.05 | K15: =+K12*J15 -> 6228250 | L15: =ROUND((AVERAGE(F15,H15,J15)),2) -> 0.04 | M15: =ROUND(($M$12*L15),0) -> 4877983
D16: IVA Sobre Utilidad | F16: 0.19 | G16: =$G$15*F16 -> 803573.68 | H16: 0.19 | I16: =+I15*H16 -> 772636.8 | J16: 0.19 | K16: =+K15*J16 -> 1183367.5 | L16: =ROUND((AVERAGE(F16,H16,J16)),2) -> 0.19 | M16: =ROUND((M15*L16),0) -> 926817
D17: TOTAL | F17: TOTAL | G17: =SUM(G12:G16) -> 1.3402763e+08 | H17: TOTAL | I17: =SUM(I12:I16) -> 1.566555e+08 | J17: TOTAL | K17: =SUM(K12:K16) -> 1.5938092e+08 | L17: TOTAL | M17: =SUM(M12:M16) -> 150924789

Sheet PRESUPUESTO OFICIAL
A1: DIRECCIÓN SECCIONAL DE ADMINISTRACIÓN JUDICAL DE ARMENIA - QUINDIO PRESUPUESTO OFICIAL
A2: OBJETO: OBRA ELÉCTRICA PARA MANTENIMIENTO, ADECUACIÓN Y MEJORAMIENTO DE SUBESTACIÓN, INCLUÍDO REEMPLAZO DE TRANSFORMADOR EXISTENTE DE 150 KVA POR TRANSFORMADOR SECO DE 300 KVA TRIFÁSICO, DE LA SEDE PROPIA DEL PALACIO DE JUSTICIA "RAFAEL URIBE URIBE" DEL MUNICIPIO DE CALARCÁ - QUINDÍO.
A3: ITEM | B3: DESCRIPCIÓN | D3: UNIDAD | E3: CANTIDAD | F3: PRESUPUESTO OFICIAL
F4: VALOR UNITARIO | G4: VALOR TOTAL
A5: 1 | B5: DESMONTE DE SUBESTACIÓN EXISTENTE DE 150 KVA CLASE H (Incluye trasiego, retiro y disposición a sitios autorizados) | D5: UN | E5: 1 | F5: =+'EST MERCADO'!L5 -> 3333333 | G5: =+F5*E5 -> 3333333
A6: 2 | B6: SUMINISTRO E INSTALACIÓN DE TRANSFORMADOR SECO DE 300 KVA TRIFÁSICO, EN CLASE H, NIVEL DE TENSIÓN DE SERVICIO 13200 V/214-120 V (Incluye trasiego y todos los costos de productos que resulten necesarios para la ejecución de la actividad del objeto contractual) | D6: UN | E6: 1 | F6: =+'EST MERCADO'!L6 -> 74405139 | G6: =+F6*E6 -> 74405139
A7: 3 | B7: SUMINISTRO E INSTALACIÓN DE CELDA PARA TRANSFORMADOR DE 300 KVA EN AIRE PARA ALOJAR EQUIPO (Incluye trasiego y todos los costos de productos que resulten necesarios para la ejecución de la actividad del objeto contractual) | D7: UN | E7: 1 | F7: =+'EST MERCADO'!L7 -> 12779134 | G7: =+F7*E7 -> 12779134
A8: 4 | B8: SUMINISTRO E INSTALACIÓN DE FUSIBLES HH TIPO 24 KV 60 HZ 25A (Incluye trasiego y todos los costos de productos que resulten necesarios para la ejecución de la actividad del objeto contractual) | D8: UN | E8: 3 | F8: =+'EST MERCADO'!L8 -> 807679 | G8: =+F8*E8 -> 2423037
A9: 5 | B9: AMPLIACIÓN DE CARGA TRAMITE ANTE EDEQ (Incluye: esquema unifilar y todos los costos de productos que resulten necesarios para la ejecución de la actividad del objeto contractual) | D9: UN | E9: 1 | F9: =+'EST MERCADO'!L9 -> 5801149 | G9: =+F9*E9 -> 5801149
A10: 6 | B10: ADECUACIÓN ACOMETIDA ELECTRCIA DESDE BORNES DE TRANSFORMADOR A EQUPO DE CONTROLADOR DE BCI 2x(3X4/0+4/0) +2T (Incluye: todos los costos de productos que resulten necesarios para la ejecución de la actividad del objeto contractual) | D10: ML | E10: 20 | F10: =+'EST MERCADO'!L10 -> 866217 | G10: =+F10*E10 -> 17324340
A11: 7 | B11: CERTIFICACIÓN RETIE SUBESTACIÓN NUEVA (Incluye: todos los costos de productos que resulten necesarios para la ejecución de la actividad del objeto contractual) | D11: UN | E11: 1 | F11: =+'EST MERCADO'!L11 -> 5883439 | G11: =+F11*E11 -> 5883439
D12: SUBTOTAL | G12: =SUM(G5:G11) -> 121949571
D13: ADMINISTRACIÓN | F13: =+'EST MERCADO'!L13 -> 0.16 | G13: =ROUND((G12*F13),0) -> 19511931
D14: IMPREVISTOS | F14: =+'EST MERCADO'!L14 -> 0.03 | G14: =ROUND((G12*F14),0) -> 3658487
D15: UTILIDAD | F15: =+'EST MERCADO'!L15 -> 0.04 | G15: =ROUND((G12*F15),0) -> 4877983
D16: IVA Sobre Utilidad | F16: 0.19 | G16: =ROUND((G15*F16),0) -> 926817
D17: TOTAL | G17: =SUM(G12:G16) -> 150924789

Sheet CDP
A2: UNIDAD EJECUTORA | B2: VALOR | C2: RUBRO | F2: BPIN | G2: NOMBRE DEL PROYECTO
A3: 27-01-02-019 | B3: =+'PRESUPUESTO OFICIAL'!G17 -> 150924789 | C3: C-2701-0800-37- 20111d-2701019-02 Despachos Judiciales Adecuados Y Dotados | F3: 202300000000027 | G3: MODERNIZACIÓN DE LA INFRAESTRUCTURA FÍSICA DE LA RAMA JUDICIAL COMO INSTRUMENTO ESTRATÉGICO DE ACCESO A LA JUSTICIA A NIVEL NACIONAL
B4: =+B3 -> 150924789
A8: Item | B8: N° CDP | C8: Fecha de Expedición | D8: Unidad Ejecutora | E8: Valor | F8: Rubro
A9: 1 | B9: 4324 | C9: 45481 | D9: 27-01-02-019 | E9: =+B4 -> 150924789 | F9: C-2701-0800-37- 20111d-2701019-02 Despachos Judiciales Adecuados Y Dotados
